[Event "*** Titled Tuesday Blitz"]
[Site "Chess.com"]
[Date "2020.11.03"]
[Round "3"]
[White "Zq1"]
[Black "Morshynska"]
[Result "1-0"]
[WhiteElo "2502"]
[BlackElo "2237"]
[TimeControl "180+1"]
[EndTime "10:29:58 PST"]
[Termination "Zq1 won on time"]

1. d4 d5 2. c4 c6 3. cxd5 cxd5 4. Bg5 Qb6 5. Nc3 e6 6. Rb1 Nc6 7. e3 Bd7 8. a3 Na5 9. Bd3 Rc8 10. Nge2 Nc4 11. O-O Be7 12. Bxe7 Nxe7 13. Na4 Qd8 14. Nc5 b6 15. Nxd7 Qxd7 16. a4 O-O 17. b3 Nd6 18. Qd2 Rc7 19. Rfc1 Rfc8 20. h3 Rxc1+ 21. Rxc1 Rxc1+ 22.
Qxc1 Qc6 23. Qd2 g6 24. g4 Ne4 25. Qb4 Qd6 26. Qb5 Qc6 27. Qxc6 Nxc6 28. Bxe4 dxe4 29.
g5 e5 30. d5 Nb4 31. Nc3 Kf8 32. d6 h6 33. gxh6 f5 34. Nd5 Nc6 35. Ne7 1-0

[Event "*** Titled Tuesday Blitz"]
[Site "Chess.com"]
[Date "2020.11.03"]
[Round "3"]
[White "AlexeiShirov"]
[Black "Skatchkov_V"]
[Result "1-0"]
[WhiteElo "2791"]
[BlackElo "2485"]
[TimeControl "180+1"]
[EndTime "10:29:59 PST"]
[Termination "AlexeiShirov won by resignation"]

1. e4 e5 2. Nf3 Nf6 3. d4 Nxe4 4. Bd3 Nc6 5. Bxe4 d5 6. Bg5 f6 7. Bd3 e4 8. c4 exd3 9. Bf4 dxc4 10. O-O Nxd4 11.
Re1+ Ne2+ 12. Kh1 Be7 13. Qa4+ c6 14. Qxc4 Qd5 15. Qa4 b5 16. Qa5 Nxf4 17. Rxe7+ Kxe7 18. Nc3 Qd6 19. Ne4 Qd8 20. Qb4+ Kf7 21. Nd6+ Kg8 22.
Qxf4 Be6 23. Re1 Qd7 24. Nd4 Bd5 25. N4f5 Kf8 26. Qb4 a5 27. Qc5 g6 28. Ne4+ Kg8 29. Nxf6+ 1-0

[Event "*** Titled Tuesday Blitz"]
[Site "Chess.com"]
[Date "2020.11.03"]
[Round "3"]
[White "BilodeauA"]
[Black "DenisQ"]
[Result "1-0"]
[WhiteElo "2884"]
[BlackElo "2662"]
[TimeControl "180+1"]
[EndTime "10:30:00 PST"]
[Termination "BilodeauA won on time"]

1. d4 d5 2. Nc3 Nf6 3. Bf4 Bf5 4.
e3 e6 5. f3 Bd6 6. Bd3 Bxf4 7.
exf4 Bxd3 8. Qxd3 O-O 9. Nge2 Na6 10. a3 c5 11. O-O Rc8 12. Qe3 Qb6 13. Na4 Qc6 14.
Nxc5 Nxc5 15. dxc5 Qxc5 16. Nd4 Qb6 17. Rab1 Rc4 18. c3 Nd7 19. Kh1 Re8 20. Qd2 Rcc8 21.
Rbe1 Nc5 22. Qc2 Qa6 23. Rd1 Qa4 24. Qe2 Nb3 25. Nxb3 Qxb3 26. Rfe1 Qc4 27. Qe3 Qc5 28. Rd4 a5 29. h4 b5 30. h5 h6 31. Qe5 Qc7 32. Qe3 Qd8 33. g3 Rc4 34. Kg2 Qd6 35.
Re2 Rec8 36. Rxc4 Rxc4 37. Qa7 Qc7 38. Qa8+ Kh7 39. f5 Rc6 40. Qf8 d4 41. Re4 dxc3 42. f6 gxf6 43. Rg4 1-0

[Event "*** Titled Tuesday Blitz"]
[Site "Chess.com"]
[Date "2020.11.03"]
[Round "3"]
[White "Misticpikachu"]
[Black "BabyFacedAssasin"]
[Result "1/2-1/2"]
[WhiteElo "2496"]
[BlackElo "2253"]
[TimeControl "180+1"]
[EndTime "10:30:01 PST"]
[Termination "Game drawn by repetition"]

1. c4 g6 2. Nc3 Bg7 3. d4 c5 4.
Nf3 cxd4 5. Nxd4 Nc6 6. Nxc6 dxc6 7. Qxd8+ Kxd8 8. g3 Bxc3+ 9. bxc3 Nf6 10. Bg2 Be6 11. c5 Bd5 12. O-O Bxg2 13. Kxg2 e5 14. Bg5 Ke7 15. Rab1 Rab8 16. Rfd1 h6 17. Bxf6+ Kxf6 18. Rd7 b6 19. Rd6+ Ke7 20. Rxc6 bxc5 21. Rxb8 Rxb8 22.
Rxc5 Ke6 23. Ra5 Rc8 24. e4 Rxc3 25. Ra6+ Ke7 26. Rxa7+ Kf6 27. Ra6+ Kg7 28. h4 h5 29. a4 Ra3 30. Ra8 f5 31. exf5 gxf5 32. Ra5 Kf6 33. Ra6+ Kg7 34. a5 e4 35. Ra7+ Kf6 36. a6 Ra2 37.
Kf1 Ra1+ 38. Ke2 Ra2+ 39. Kf1 Ra1+ 40. Kg2 Ra2 41. Kf1 1/2-1/2

[Event "*** Titled Tuesday Blitz"]
[Site "Chess.com"]
[Date "2020.11.03"]
[Round "3"]
[White "OldweakGM"]
[Black "PavelShkapenko"]
[Result "1-0"]
[WhiteElo "2875"]
[BlackElo "2644"]
[TimeControl "180+1"]
[EndTime "10:30:02 PST"]
[Termination "OldweakGM won by resignation"]

1. Nf3 Nf6 2. d4 e6 3. Bf4 c5 4. e3 b6 5. c3 Bb7 6. Nbd2 cxd4 7. exd4 Be7 8. Bd3 d6 9. h3 a6 10. O-O Nbd7 11. a4 O-O 12. Re1 Re8 13. Nc4 Qc7 14. Bh2 Bf8 15. Qe2 h6 16. Rac1 Bc6 17. Ra1 Bb7 18. Nfd2 Qc6 19. Qf1 Qc7 20. Ne3 Bc6 21. Bxa6 Nd5 22. Nxd5 Bxd5 23. Bb5 Bc6 24. Qc4 Rac8 25.
Bxc6 Qxc6 26. Qxc6 Rxc6 27. d5 Rcc8 28. dxe6 fxe6 29.
Nb3 e5 30. Red1 Nf6 31. Re1 Rb8 32. Nd2 Rec8 33. Ne4 Rc4 34. Nd2 Rcc8 35. f4 exf4 36.
Bxf4 Rb7 37. Be3 d5 38. Bd4 Bc5 39. Nf3 Ne4 40. Rad1 Rd8 41. Bxc5 Nxc5 42. Rd4 Rbd7 43. Red1 Rd6 44. Rb4 Ne6 45. Nd4 Nc5 46. Nf5 R6d7 47. Ne3 Rd6 48. Rbd4 Kf7 49. Nxd5 Nxa4 50. Rf1+ 1-0

[Event "*** Titled Tuesday Blitz"]
[Site "Chess.com"]
[Date "2020.11.03"]
[Round "3"]
[White "Iskusnyh"]
[Black "Tenamu"]
[Result "1-0"]
[WhiteElo "2576"]
[BlackElo "2362"]
[TimeControl "180+1"]
[EndTime "10:30:03 PST"]
[Termination "Iskusnyh won by resignation"]

1. d4 Nf6 2. c4 e6 3. g3 c5 4. Nf3 cxd4 5. Nxd4 Nc6 6. Bg2 Be7 7.
O-O O-O 8. Nc3 a6 9. b3 Qc7 10. Bb2 d6 11. Qc1 Rd8 12. Rd1 e5 13. Nc2 Be6 14. Ne3 Nd4 15. Qd2 Qa5 16. Ncd5 Qxd2 17. Nxe7+ Kf8 18. Rxd2 Kxe7 19. Bxd4 exd4 20. Rxd4 Rd7 21.
Rad1 Rad8 22. f4 Rc7 23. Bf3 b5 24. cxb5 axb5 25. g4 Rc3 26. Kf2 g6 27. g5 Ne8 28.
Nd5+ Bxd5 29. Bxd5 Nc7 30. R1d3 Rc2 31. Rd2 Rc5 32. b4 Rc3 33. Bb3 Rc1 34. R2d3 Rc6 35. Rh3 Rh8 36. Re3+ Ne6 37. Rde4 d5 38. Bxd5 Rd6 39.
Bxe6 fxe6 40. Re5 Rf8 41. Kf3 Ra8 42. Rxb5 Rxa2 43. Rb7+ Kd8 44. Rxh7 Ra4 45. b5 Rb4 46. Ra3 Rc4 47. Ra8+ 1-0

[Event "*** Titled Tuesday Blitz"]
[Site "Chess.com"]
[Date "2020.11.03"]
[Round "3"]
[White "WildTricks"]
[Black "Shota_Azaladze"]
[Result "0-1"]
[WhiteElo "2399"]
[BlackElo "2626"]
[TimeControl "180+1"]
[EndTime "10:30:04 PST"]
[Termination "Shota_Azaladze won by resignation"]

1. e4 g6 2. d4 Bg7 3. Nf3 c6 4. h3 d6 5. Bd3 Nf6 6. O-O Qc7 7. c4 e5 8. Nc3 O-O 9. d5 c5 10. Rb1 h6 11. a3 Nh5 12. b4 Na6 13. Re1 Qe7 14. b5 Nb8 15. a4 Nd7 16. a5 Kh8 17. Nh2 Qe8 18. Ng4 Kh7 19. Qd2 Nf4 20. Bc2 Qd8 21.
Ne2 h5 22. Nxf4 exf4 23. Nh2 Ne5 24. Qe2 Qh4 25. Nf3 Nxf3+ 26. Qxf3 Be5 27. Bb2 f6 28. Bd3 Kg7 29. Bf1 Bg4 30. Qd3 f3 31. Bxe5 fxe5 32. hxg4 hxg4 33. g3 Qh5 34. Bg2 fxg2 35. Kxg2 Qh3+ 36.
Kg1 Rh8 37. Qf3 gxf3 0-1

[Event "*** Titled Tuesday Blitz"]
[Site "Chess.com"]
[Date "2020.11.03"]
[Round "3"]
[White "seorobert1971"]
[Black "Varinius"]
[Result "1-0"]
[WhiteElo "2716"]
[BlackElo "2502"]
[TimeControl "180+1"]
[EndTime "10:30:05 PST"]
[Termination "seorobert1971 won on time"]

1. e4 e6 2. d4 d5 3. Nd2 c5 4. exd5 Qxd5 5. dxc5 Nf6 6. Nb3 Qxd1+ 7.
Kxd1 Nbd7 8. Be3 Ng4 9. Bb5 a6 10. Ba4 Be7 11. Nf3 O-O 12. Bxd7 Bxd7 13. Bd4 Rfd8 14. h3 Nh6 15. Kc1 Nf5 16. Bc3 Bc6 17.
Ba5 Rd5 18. c4 Rd3 19. Ne5 Bxg2 20. Rg1 Be4 21. Nxd3 Bxd3 22. Rd1 Bxc4 23. Rd7 Bd5 24. Kc2 Kf8 25. Rd1 Ke8 26. R7xd5 exd5 27. Rxd5 g6 28.
Kd3 Rc8 29. Kc4 Bf6 30. Rd2 h5 31. Bb6 Bd8 32. Bxd8 Rxd8 33. Re2+ Kd7 34. Nd4 Nxd4 35. Kxd4 Kc6+ 36. Kc4 1-0

[Event "*** Titled Tuesday Blitz"]
[Site "Chess.com"]
[Date "2020.11.03"]
[Round "3"]
[White "Sanyura"]
[Black "szefru"]
[Result "0-1"]
[WhiteElo "2490"]
[BlackElo "2281"]
[TimeControl "180+1"]
[EndTime "10:30:07 PST"]
[Termination "szefru won by resignation"]

1. Nf3 Nf6 2. g3 g6 3. c4 Bg7 4. Nc3 O-O 5. Bg2 c6 6. O-O d5 7.
d4 dxc4 8. Ne5 Be6 9. a4 Nbd7 10.
e4 Nxe5 11. dxe5 Ng4 12. Qxd8 Rfxd8 13. f3 Nxe5 14. f4 Nd3 15. f5 Bd4+ 16. Kh1 gxf5 17. exf5 Bd5 18. Bxd5 cxd5 19. Bg5 f6 20. Bd2 Kf7 21.
Kg2 Nxb2 22. Rab1 Bxc3 23. Bxc3 Nxa4 24. Bd4 b6 25. g4 Rg8 26. Kf3 Rab8 27. Rb5 Rgd8 28.
Ra1 a6 29. Rbb1 b5 30. h4 Rdc8 31. g5 c3 32. Rc1 Rc4 33. Ke3 Rbc8 34. Rg1 c2 35.
Rac1 Nc3 36. h5 Nd1+ 37. Kd3 b4 38. g6+ hxg6 39. hxg6+ Kg7 40. Re1 R8c7 41. Rh1 a5 42. Rh7+ Kg8 43. Bb6 Rd7 44. Bxa5 b3 45. Rh1 b2 46. Rcxd1 cxd1=Q+ 47. Rxd1 Rc1 0-1

[Event "*** Titled Tuesday Blitz"]
[Site "Chess.com"]
[Date "2020.11.03"]
[Round "3"]
[White "AlexSuv"]
[Black "TigrVShlyape"]
[Result "0-1"]
[WhiteElo "2588"]
[BlackElo "2901"]
[TimeControl "180+1"]
[EndTime "10:30:08 PST"]
[Termination "TigrVShlyape won by resignation"]

1. d4 Nf6 2. c4 g6 3. Nc3 Bg7 4. e4 d6 5. Nf3 O-O 6. Be2 e5 7. Be3 Ng4 8. Bg5 f6 9. Bh4 Nc6 10. d5 Ne7 11. Nd2 Nh6 12. f3 g5 13. Bf2 f5 14.
exf5 Nhxf5 15. Nde4 Ng6 16. O-O Nd4 17. Bd3 Nf4 18. Ne2 Ndxe2+ 19. Bxe2 Bf5 20. Bd3 Nxd3 21. Qxd3 b6 22. h3 h6 23. Rfe1 a5 24. b3 Qe8 25.
Rac1 Qg6 26. Be3 h5 27. Bd2 g4 28. Kh2 Rf7 29. Re2 Raf8 30. Rg1 Bh6 31. Bxh6 Qxh6 32. Qe3 Qg6 33. fxg4 hxg4 34. h4 Bxe4 35. Qxe4 Qh5 36. g3 Rf3 37. Rgg2 Kg7 38. Rc2 Qg6 39. Qxg6+ Kxg6 40. Rge2 Rd3 41. Re4 Kh5 42. Kg2 Rff3 0-1

[Event "*** Titled Tuesday Blitz"]
[Site "Chess.com"]
[Date "2020.11.03"]
[Round "3"]
[White "GameOverBro"]
[Black "A-S-00"]
[Result "1-0"]
[WhiteElo "2530"]
[BlackElo "2303"]
[TimeControl "180+1"]
[EndTime "10:30:08 PST"]
[Termination "GameOverBro won by resignation"]

1. e4 c5 2. Ne2 e6 3. Nbc3 Nc6 4. g3 Nf6 5. Bg2 d5 6. exd5 exd5 7. d4 cxd4 8. Nxd4 Bc5 9. Be3 Bb6 10. O-O O-O 11.
Re1 Bg4 12. Qd2 Ne5 13. h3 Bh5 14. Bg5 Nc4 15. Qf4 h6 16. Bxf6 Qxf6 17. Qxf6 gxf6 18. Nf5 Bg6 19. Nxh6+ Kg7 20. Ng4 Nxb2 21. Nxd5 Bc5 22. Ngxf6 Bd4 23. Ng4 Bxc2 24. Be4 Bxe4 25. Rxe4 f5 26.
Rxd4 fxg4 27. Rxg4+ Kh7 28. Rb1 Rad8 29. Nf4 Rd2 30.
Rh4+ Kg7 31. Ne6+ Kg8 32. Nxf8 Kxf8 33. Rb4 1-0

[Event "*** Titled Tuesday Blitz"]
[Site "Chess.com"]
[Date "2020.11.03"]
[Round "3"]
[White "H3nriqueTV"]
[Black "NefeLV"]
[Result "0-1"]
[WhiteElo "2265"]
[BlackElo "1763"]
[TimeControl "180+1"]
[EndTime "10:30:08 PST"]
[Termination "NefeLV won by resignation"]

1. e4 e6 2. d4 d5 3. e5 c5 4. c3 Nc6 5. Nf3 Nge7 6. Bd3 Nf5 7. Bxf5 exf5 8. O-O cxd4 9. cxd4 Be6 10. Nc3 Be7 11.
Be3 g5 12. a3 h5 13. b4 h4 14. b5 Na5 15. Na4 g4 16. Ne1 Bg5 17. Nc5 f4 18. Bd2 h3 19. Nxe6 fxe6 20. Qxg4 hxg2 21.
Qxe6+ Be7 22. Nxg2 f3 23. Nf4 Nc4 24. Bb4 Qd7 25.
Qxd7+ Kxd7 26. Bxe7 Rag8+ 27. Kh1 Kxe7 28. Nxd5+ Ke6 29.
Ne3 Nd2 30. Rg1 Ne4 31. Rxg8 Nxf2+ 32. Kg1 Nh3+ 33. Kf1 Rxg8 34. d5+ Kxe5 35. Nc4+ Kf4 36. Ke1 Rg1+ 37. Kd2 Rxa1 38. d6 Ra2+ 39. Kd3 f2 40.
d7 f1=Q+ 41. Kd4 0-1

[Event "*** Titled Tuesday Blitz"]
[Site "Chess.com"]
[Date "2020.11.03"]
[Round "3"]
[White "Sibelephant"]
[Black "kflorian98"]
[Result "1-0"]
[WhiteElo "3091"]
[BlackElo "2757"]
[TimeControl "180+1"]
[EndTime "10:30:09 PST"]
[Termination "Sibelephant won by resignation"]

1. Nf3 b6 2. e4 Bb7 3. Nc3 e6 4. g3 Bb4 5. d3 Ne7 6. Bg2 O-O 7. O-O d5 8. exd5 Nxd5 9. Nxd5 Bxd5 10. Qe2 Be7 11.
c4 Bb7 12. d4 Nd7 13. Rd1 h6 14. Bf4 Bd6 15. Be3 Qe7 16. Rac1 c5 17. dxc5 Bxc5 18. Bxc5 Nxc5 19. Ne5 Bxg2 20. Kxg2 Rad8 21. b4 Qb7+ 22. Qf3 Qxf3+ 23. Kxf3 Na6 24. Nc6 Rxd1 25. Rxd1 Kh7 26. Rd7 Rc8 27. b5 Nb8 28. Nxb8 Rxb8 29. Rxa7 Rc8 30. Ra4 f5 31. Kf4 Rc5 32. Ke3 Kg6 33. Kd3 Rc7 34. Ra6 Rb7 35. c5 bxc5 36. Kc4 f4 37. a4 f3 38. Rxe6+ Kh5 39. a5 Rd7 40. Re3 Kg4 41. b6 Rd2 42. b7 1-0

[Event "*** Titled Tuesday Blitz"]
[Site "Chess.com"]
[Date "2020.11.03"]
[Round "3"]
[White "VladimirBugayev"]
[Black "Heineccius"]
[Result "0-1"]
[WhiteElo "2314"]
[BlackElo "2540"]
[TimeControl "180+1"]
[EndTime "10:30:09 PST"]
[Termination "Heineccius won by resignation"]

1. e4 c5 2. Nc3 e6 3. f4 d5 4. Nf3 Nf6 5. Bb5+ Bd7 6. Bxd7+ Qxd7 7. Qe2 dxe4 8. Nxe4 Nxe4 9. Qxe4 Nc6 10. b3 Be7 11.
Bb2 O-O 12. a3 Qd5 13. d3 Bd6 14. f5 Qxf5 15. Qxf5 exf5 16. O-O Rfe8 17. Rfe1 g6 18. Kf2 Bf4 19. g3 Bh6 20. h4 Bg7 21. Bxg7 Kxg7 22. Rac1 f6 23. Rxe8 Rxe8 24. Nd2 Nd4 25. Nc4 Re2+ 26. Kf1 Rh2 27. Nd6 Rh1+ 0-1

[Event "*** Titled Tuesday Blitz"]
[Site "Chess.com"]
[Date "2020.11.03"]
[Round "3"]
[White "markberk"]
[Black "ciucas1892"]
[Result "1/2-1/2"]
[WhiteElo "2413"]
[BlackElo "2268"]
[TimeControl "180+1"]
[EndTime "10:30:10 PST"]
[Termination "Game drawn by repetition"]

1. Nf3 g6 2. e4 c5 3. d4 cxd4 4. Qxd4 Nf6 5. e5 Nc6 6. Qa4 Nd5 7. Bb5 Bg7 8. O-O O-O 9. Bxc6 dxc6 10. Qh4 Qb6 11.
Bh6 Qxb2 12. Nbd2 f6 13. c4 Nc3 14. Bxg7 Kxg7 15. exf6+ exf6 16. Rae1 Qb4 17. Nd4 Bd7 18.
Qg3 Rae8 19. Qc7 Rxe1 20. Rxe1 Rf7 21. N2f3 Bg4 22. Qg3 Bxf3 23. Nf5+ Kg8 24. Nh6+ Kg7 25. Nf5+ Kg8 26. Nh6+ Kg7 27. Nf5+ 1/2-1/2

[Event "*** Titled Tuesday Blitz"]
[Site "Chess.com"]
[Date "2020.11.03"]
[Round "3"]
[White "Evgeny81"]
[Black "Indianlad"]
[Result "1/2-1/2"]
[WhiteElo "2715"]
[BlackElo "2945"]
[TimeControl "180+1"]
[EndTime "10:30:11 PST"]
[Termination "Game drawn by repetition"]

1. Nf3 Nc6 2. c4 e5 3. Nc3 Nf6 4. g3 g6 5. Bg2 Bg7 6. O-O O-O 7. d4 d6 8. dxe5 dxe5 9. Qxd8 Rxd8 10. Bg5 Be6 11.
Nd2 h6 12. Bxf6 Rxd2 13. Bxg7 Kxg7 14. Bxc6 bxc6 15. b3 Rad8 16. Rfd1 f5 17. Kf1 R8d4 18. Ke1 Rc2 19. e3 Rxd1+ 20. Nxd1 e4 21. a4 c5 22. Rb1 a6 23. Rb2 Rc1 24. Ra2 Rb1 25. Rb2 Rc1 26. Kd2 Ra1 27. Rc2 Kf6 28. Rc1 Rxc1 29. Kxc1 Kg5 30. h3 Kf6 31. Kd2 Ke5 32.
a5 g5 33. Nc3 f4 34. g4 f3 35.
Na4 Kd6 36. Nc3 Ke5 37. Na4 Kd6 38. Nc3 Ke5 1/2-1/2

[Event "*** Titled Tuesday Blitz"]
[Site "Chess.com"]
[Date "2020.11.03"]
[Round "3"]
[White "fabianvivasz"]
[Black "Ranindu2003"]
[Result "0-1"]
[WhiteElo "2378"]
[BlackElo "2592"]
[TimeControl "180+1"]
[EndTime "10:30:11 PST"]
[Termination "Ranindu2003 won on time"]

1. e4 g6 2. d4 Bg7 3. Nc3 d6 4. f4 a6 5. Bd3 b5 6. Nf3 Nd7 7. e5 Bb7 8. Qe2 e6 9. Ne4 d5 10. Neg5 c5 11. c3 Ne7 12. g4 h5 13. Qg2 hxg4 14.
Qxg4 Qb6 15. Rg1 b4 16. Nxf7 Kxf7 17. Bxg6+ Kf8 18. Ng5 Nxg6 19. Nxe6+ Ke7 20. f5 Bxe5 21. dxe5 Ndxe5 22. Qg5+ Kd7 23. Rg3 d4 0-1

[Event "*** Titled Tuesday Blitz"]
[Site "Chess.com"]
[Date "2020.11.03"]
[Round "3"]
[White "vladgoncharov"]
[Black "Mbneu"]
[Result "1-0"]
[WhiteElo "2492"]
[BlackElo "2229"]
[TimeControl "180+1"]
[EndTime "10:30:11 PST"]
[Termination "vladgoncharov won by checkmate"]

1. d4 Nf6 2. c4 c5 3. d5 e6 4.
Nc3 exd5 5. cxd5 d6 6. Nf3 g6 7. Bf4 Bg7 8. h3 O-O 9. e3 a6 10. a4 Qc7 11. Nd2 Nbd7 12. Be2 Re8 13. O-O Ne5 14.
Bh2 Rb8 15. Qc2 c4 16. Bxe5 Rxe5 17. Nxc4 Re8 18. a5 Bd7 19. Nb6 Bb5 20. Bxb5 axb5 21.
Qb3 Qc5 22. Qxb5 Qxb5 23. Nxb5 Ne4 24. Ra2 Rbd8 25. Rd1 f5 26. b4 f4 27. exf4 Nc3 28.
Nxc3 Bxc3 29. b5 Re4 30. a6 bxa6 31. bxa6 Bd4 32. a7 Bxb6 33. a8=Q Rxa8 34. Rxa8+ Kg7 35.
Rb1 Bc5 36. Rb7+ Kh6 37. Rh8 Rxf4 38. Rhxh7+ Kg5 39. Rbf7 Rd4 40. g3 Rxd5 41. h4+ Kg4 42. Kg2 Rd2 43. Rf4# 1-0

[Event "*** Titled Tuesday Blitz"]
[Site "Chess.com"]
[Date "2020.11.03"]
[Round "3"]
[White "cukin84"]
[Black "mortngabriel"]
[Result "1-0"]
[WhiteElo "2078"]
[BlackElo "2321"]
[TimeControl "180+1"]
[EndTime "10:30:11 PST"]
[Termination "cukin84 won by resignation"]

1. e4 c5 2. Nc3 Nc6 3. Bb5 Nd4 4. Bc4 e6 5. Nf3 Nf6 6. d3 a6 7. a4 Rb8 8. O-O b5 9. axb5 axb5 10. Ba2 d6 11. Nxd4 cxd4 12. Ne2 Qb6 13. c3 dxc3 14. bxc3 Be7 15. Be3 Qc7 16. Bb3 O-O 17. Ra7 Rb7 18. Ra8 Bd7 19. Rxf8+ Bxf8 20. Qd2 Qa5 21. Rb1 b4 22. c4 d5 23. Bd4 dxc4 24. Bxc4 e5 25.
Ra1 Qc7 26. Be3 Ng4 27. Rc1 Qa5 28. Bg5 Bc5 29. d4 Bxd4 30. Nxd4 exd4 31. Qf4 Ne5 32. Bd5 Nd3 33. Qxf7+ 1-0

[Event "*** Titled Tuesday Blitz"]
[Site "Chess.com"]
[Date "2020.11.03"]
[Round "3"]
[White "GMTalks_Youtube"]
[Black "MattyDPerrine"]
[Result "1-0"]
[WhiteElo "2605"]
[BlackElo "2381"]
[TimeControl "180+1"]
[EndTime "10:30:12 PST"]
[Termination "GMTalks_Youtube won on time"]

1. e4 c5 2. Nf3 e6 3. c4 Nc6 4. Nc3 e5 5. a3 a5 6. Bd3 g6 7. h4 h5 8. Bc2 Bg7 9. Ba4 Nge7 10. d3 d6 11. Nd2 Bh6 12. Nd5 O-O 13. Nf3 Bxc1 14. Qxc1 Nxd5 15. cxd5 Nd4 16. Nxd4 exd4 17.
Qh6 Qf6 18. f4 Bg4 19. Qg5 Qg7 20. Qe7 f5 21. Qxg7+ Kxg7 22. e5 dxe5 23. fxe5 Rae8 24. Bxe8 Rxe8 25. e6 Kf6 26. b4 axb4 27. axb4 Ke5 28. Kd2 Kxd5 29. Rhe1 1-0

[Event "*** Titled Tuesday Blitz"]
[Site "Chess.com"]
[Date "2020.11.03"]
[Round "3"]
[White "mamonika"]
[Black "BigAl"]
[Result "0-1"]
[WhiteElo "2005"]
[BlackElo "2476"]
[TimeControl "180+1"]
[EndTime "10:30:12 PST"]
[Termination "BigAl won on time"]

1. e4 c6 2. d4 d5 3. exd5 cxd5 4. c4 Nf6 5. Nc3 g6 6. Qb3 Bg7 7. cxd5 O-O 8. Be2 Nbd7 9. Bf3 Nb6 10. Nge2 a5 11. a4 Bf5 12. Nf4 Rc8 13. O-O Qd6 14.
Nb5 Qd8 15. Bd2 Bc2 16. Qa3 Nc4 17. Qc3 Ne5 18. dxe5 Rxc3 19. Bxc3 Ne4 20. Bxe4 Bxe4 21. Rad1 Bc2 22. Rd2 Bxa4 23. Na3 b5 24. d6 b4 25.
dxe7 Qxe7 26. Nd5 Qb7 27. Nc4 bxc3 28. Nxc3 Bb3 29. Nxa5 Qb4 30. Nc6 Qc5 31. Nd4 Bc4 32. Re1 Bxe5 33. Na4 Qb4 0-1

[Event "*** Titled Tuesday Blitz"]
[Site "Chess.com"]
[Date "2020.11.03"]
[Round "3"]
[White "ChSalas"]
[Black "vugarrasulov"]
[Result "1-0"]
[WhiteElo "2506"]
[BlackElo "2846"]
[TimeControl "180+1"]
[EndTime "10:30:13 PST"]
[Termination "ChSalas won by checkmate"]

1. d4 Nf6 2. Nf3 d5 3. c3 c6 4. Bf4 Bf5 5. e3 e6 6. Nbd2 Bd6 7. Bxd6 Qxd6 8. Qb3 b6 9. Be2 O-O 10. O-O h6 11. c4 Nbd7 12. Rfc1 a5 13. Bd3 a4 14. Qc2 Bxd3 15. Qxd3 a3 16. b3 e5 17. dxe5 Nxe5 18. Nxe5 Qxe5 19. Nf3 Qe4 20. Qxe4 dxe4 21. Nd4 c5 22.
Nb5 Rfd8 23. Rd1 Rd3 24. Rxd3 exd3 25. Rd1 Rd8 26. f3 g5 27. Rd2 Ne8 28. Kf2 Nc7 29.
Nxc7 Rd7 30. Nd5 Kg7 31. Nxb6 Rb7 32. Na4 Rc7 33. Rxd3 f5 34. Rd5 Kf6 35. Nxc5 Re7 36. Nd3 Ra7 37. b4 Rc7 38. Rc5 Rd7 39. Ke2 Ra7 40. Ra5 Rc7 41. c5 f4 42. e4 Rd7 43.
Rxa3 Rd4 44. Rc3 Ke7 45. a4 Kd8 46. a5 Kc7 47. c6 Rd8 48. b5 Rd4 49. b6+ Kc8 50.
c7 Ra4 51. b7+ Kd7 52. c8=Q+ Kd6 53. Qc6+ Ke7 54. Qxa4 g4 55. fxg4 f3+ 56. gxf3 h5 57. b8=Q Kf6 58. Qf4+ Kg7 59. Qd7+ Kg6 60. Rc6# 1-0

[Event "*** Titled Tuesday Blitz"]
[Site "Chess.com"]
[Date "2020.11.03"]
[Round "3"]
[White "levallem"]
[Black "UCantHandleDenker"]
[Result "0-1"]
[WhiteElo "2240"]
[BlackElo "2503"]
[TimeControl "180+1"]
[EndTime "10:30:13 PST"]
[Termination "UCantHandleDenker won by checkmate"]

1. d4 Nf6 2. Nf3 g6 3. g3 Bg7 4. Bg2 O-O 5. O-O c5 6. c3 cxd4 7. cxd4 d6 8. Nc3 Nc6 9. b3 Bd7 10. Bb2 Rc8 11. Rc1 Bf5 12. Nh4 Bd7 13. Nf3 e6 14.
Ba3 Ne8 15. Qd2 Qa5 16. Bb2 d5 17. e3 Nd6 18. Na4 Qxd2 19. Nxd2 b6 20. Rc2 Nb4 21. Rxc8 Rxc8 22. Ba3 a5 23. Bxb4 axb4 24. Nxb6 Rc2 25. Nxd7 Rxd2 26. Ra1 Nb5 27. h4 f5 28. Nc5 Kf7 29. Bf1 Nc3 30. a3 bxa3 31. Rxa3 Bf8 32.
Ra7+ Be7 33. Ba6 Ke8 34. Ra8+ Kf7 35. Ra7 Rd1+ 36. Kg2 Ra1 37. Rc7 Kf6 38. Bc8 Bxc5 39. Rxc5 Nd1 40. Rc6 Ra2 41. Rxe6+ Kf7 42. Kf3 Rxf2# 0-1

[Event "*** Titled Tuesday Blitz"]
[Site "Chess.com"]
[Date "2020.11.03"]
[Round "3"]
[White "jonaszmb"]
[Black "johnathan113"]
[Result "0-1"]
[WhiteElo "2395"]
[BlackElo "2623"]
[TimeControl "180+1"]
[EndTime "10:30:15 PST"]
[Termination "johnathan113 won by checkmate"]

1. Nf3 g6 2. g3 Nf6 3. Bg2 Bg7 4. O-O c5 5. c4 O-O 6. Nc3 Nc6 7. d3 d6 8. Rb1 a6 9. a3 Rb8 10. b4 cxb4 11.
axb4 b5 12. cxb5 axb5 13. Bd2 Bd7 14. Qb3 Be6 15. Qd1 Qd7 16. Ng5 Bf5 17. e4 Bg4 18. f3 Be6 19. Nxe6 Qxe6 20. Be3 d5 21. d4 dxe4 22. d5 Qe5 23. Qd2 exf3 24. Bxf3 Rbd8 25. Bf4 Qd4+ 26. Qxd4 Nxd4 27. Bd1 Nxd5 28. Nxd5 Rxd5 29. Rf2 Rfd8 30. Kg2 Ne6 31. Bf3 Nxf4+ 32. gxf4 Rd2 33. Rf1 R8d3 34. Bc6 Bd4 35. Rxd2 Rxd2+ 36. Kf3 Rxh2 37. Bxb5 Rb2 38. Bd3 Rxb4 39. f5 Kg7 40. fxg6 hxg6 41. Ke2 f5 42. Bc2 Kf6 43. Kd3 e5 44. Rh1 Rb6 45.
Kc4 Rc6+ 46. Kb3 Rc3+ 47. Kb4 Rxc2 48. Ka4 Rb2 49. Rh8 f4 50. Ka5 f3 51. Rf8+ Kg5 52.
Rxf3 e4 53. Rg3+ Kf4 54. Rxg6 e3 55. Rg8 e2 56. Rf8+ Ke4 57. Re8+ Be5 58. Ka4 e1=Q 59. Rc8 Qa1# 0-1

[Event "*** Titled Tuesday Blitz"]
[Site "Chess.com"]
[Date "2020.11.03"]
[Round "3"]
[White "FMJoseHerrera"]
[Black "Mikhal867"]
[Result "1-0"]
[WhiteElo "2566"]
[BlackElo "2355"]
[TimeControl "180+1"]
[EndTime "10:30:15 PST"]
[Termination "FMJoseHerrera won by resignation"]

1. Nf3 c5 2. g3 d5 3. Bg2 Nc6 4. c4 d4 5. O-O Bf5 6. d3 Qd7 7. Re1 Nf6 8. a3 Bh3 9. Bh1 e6 10. b4 cxb4 11. Bg5 h6 12. Bxf6 gxf6 13. Qa4 e5 14.
Nh4 Rb8 15. Bd5 a6 16. Rc1 Be6 17. Bg2 h5 18. c5 b3 19. Nd2 b2 20. Rab1 bxc1=Q+ 21. Rxc1 Bh6 22. Ne4 Qe7 23. Rb1 Bd7 24. Nd6+ Kf8 25.
Bxc6 Bxc6 26. Qxc6 bxc6 27. Rxb8+ Kg7 28. Nhf5+ Kh7 29. Rxh8+ Kxh8 30. Nxe7 1-0

[Event "*** Titled Tuesday Blitz"]
[Site "Chess.com"]
[Date "2020.11.03"]
[Round "3"]
[White "GregShahade"]
[Black "BogdanDeac"]
[Result "0-1"]
[WhiteElo "2659"]
[BlackElo "2877"]
[TimeControl "180+1"]
[EndTime "10:30:16 PST"]
[Termination "BogdanDeac won on time"]

1. e4 c5 2. Nf3 d6 3. d4 cxd4 4. Nxd4 Nf6 5. Nc3 a6 6. Be3 e6 7.
f3 b5 8. Qd2 Nbd7 9. g4 h6 10.
O-O-O b4 11. Nce2 Qc7 12. h4 d5 13. g5 hxg5 14. exd5 Nxd5 15. Bxg5 N7b6 16. Nf4 Bd6 17. Nxd5 Nxd5 18. Kb1 Bf4 19. Bxf4 Qxf4 20. Qd3 Bb7 21. Rg1 Rxh4 22. Rxg7 O-O-O 23. Be2 Nc7 24. Qc4 Rxd4 25. Rg8+ Kd7 26. Rxd4+ Qxd4 0-1

[Event "*** Titled Tuesday Blitz"]
[Site "Chess.com"]
[Date "2020.11.03"]
[Round "3"]
[White "Angry_Twin"]
[Black "TokChess"]
[Result "1-0"]
[WhiteElo "2858"]
[BlackElo "2462"]
[TimeControl "180+1"]
[EndTime "10:30:16 PST"]
[Termination "Angry_Twin won by resignation"]

1. e4 c5 2. Nf3 e6 3. d4 cxd4 4. Nxd4 a6 5. c4 Nf6 6. Nc3 Qc7 7. a3 d6 8. f3 b6 9. Be3 Bb7 10. Be2 Nbd7 11. O-O Be7 12. Rc1 Rc8 13. b4 Qb8 14.
Nb3 Bd8 15. Qd2 Bc7 16. Bf4 O-O 17. Rfd1 Ne5 18. Bxe5 dxe5 19. c5 bxc5 20. Nxc5 Bb6 21. Na4 Ba7 22. Kh1 Rfd8 23. Qe1 Rxd1 24. Rxd1 a5 25. Nxb7 Qxb7 26. bxa5 Nh5 27. Qb4 Qc7 28. Nb6 Rd8 29. Rxd8+ Qxd8 30. g3 Nf6 31. Qc3 h5 32.
Kg2 h4 33. Qxe5 Qd2 34. Qb5 Qe3 35. gxh4 Qxa3 36. h5 Qe3 37. Bf1 Bb8 38. Nc4 Qa7 39. Qb6 Nxh5 40. Qxa7 Bxa7 41. a6 Kf8 42. Nd6 Nf6 43.
Nc8 Bc5 44. a7 Nh5 45. a8=Q 1-0